General information
- name: BNet
- type: Ladder 1vs1/FFA
- host: Battle.net
- saver: 7.36
map: LostTemple
- players: 2
- length: 206:43
- speed: Fast
- version: 1.25 W3XP
- replay type: Public
» download(454 KB)
Players
team 1 (loser)

»
Hammertest (
red | 14 APM | 2851 actions | 206:42)
8 Warden
3 Shadow Strike
3 Fan of Knives
1 Spirit of Vengeance
1 Blink
» actions
| Assign group hotkey | 49 | |
| Basic commands | 5 | |
| Build / train | 338 | |
| Enter build submenu | 122 | |
| Enter hero's abilities submenu | 8 | |
| Give item / drop item | 2 | |
| Right click | 806 | |
| Select / deselect | 1020 | |
| Select group hotkey | 204 | |
| Use ability | 297 | |
2851 total
» units
| Wisp | 109 | |
| Archer | 40 | |
| Huntress | 16 | |
| Glaive Thrower | 12 | |
| Druid of the Talon | 42 | |
| Chimaera | 12 | |
| Hippogryph | 26 | |
| Faerie Dragon | 7 | |
| Dryad | 19 | |
| Goblin Shredder | 1 | |
| Goblin Zeppelin | 4 | |
| Mountain Giant | 3 | |
291 total
» upgrades
| Strength of the Moon | 2 | |
| Moon Armor | 1 | |
| Druid of the Talon Training | 2 | |
| Ultravision | 1 | |
| Upgrade Moon Glaive | 1 | |
| Corrosive Breath | 1 | |
| Mark of the Talon | 1 | |
| Improved Bows | 1 | |
| Hippogryph Taming | 1 | |
| Abolish Magic | 1 | |
| Marksmanship | 1 | |
| Vorpal Blades | 1 | |
| Strength of the Wild | 2 | |
| Reinforced Hides | 2 | |
| Sentinel | 1 | |
| Resistant Skin | 1 | |
| Hardened Skin | 1 | |
21 total
» buildings
| Altar of Elders | 4 | |
| Moon Well | 46 | |
| Ancient of War | 7 | |
| Hunter's Hall | 5 | |
| Ancient Protector | 19 | |
| Tree of Ages | 5 | |
| Ancient of Wind | 6 | |
| Tree of Eternity | 4 | |
| Chimaera Roost | 3 | |
| Ancient of Lore | 4 | |
| Tree of Life | 8 | |
| Ancient of Wonders | 4 | |
115 total
» build order
00:26 Altar of Elders
00:39 Moon Well
01:24 Ancient of War
01:41 Moon Well
02:33 Hunter's Hall
02:46 Moon Well
04:13 Ancient Protector
04:31 Tree of Ages
09:29 Ancient Protector
12:08 Moon Well
12:46 Ancient of Wind
14:40 Tree of Eternity
17:56 Chimaera Roost
18:28 Moon Well
19:26 Moon Well
21:21 Ancient Protector
21:59 Ancient of Lore
22:33 Tree of Life
22:58 Ancient Protector
23:32 Ancient of Wonders
25:54 Moon Well
26:13 Ancient of War
27:37 Moon Well
28:09 Moon Well
28:16 Tree of Ages
28:38 Moon Well
29:27 Moon Well
30:50 Ancient of Wind
31:14 Ancient of Wind
31:54 Moon Well
32:51 Altar of Elders
33:51 Ancient of Wonders
34:23 Hunter's Hall
35:51 Ancient of Lore
40:21 Moon Well
41:27 Tree of Eternity
43:29 Moon Well
45:14 Moon Well
47:30 Ancient Protector
48:45 Chimaera Roost
51:38 Ancient Protector
53:35 Moon Well
58:32 Ancient of Lore
61:23 Tree of Life
61:30 Ancient Protector
61:40 Ancient Protector
62:43 Ancient Protector
62:49 Ancient Protector
65:55 Moon Well
66:55 Moon Well
68:05 Moon Well
69:14 Moon Well
71:20 Ancient of War
71:50 Tree of Life
72:09 Moon Well
73:29 Tree of Life
76:06 Hunter's Hall
79:53 Ancient Protector
80:11 Ancient Protector
80:21 Moon Well
81:47 Tree of Ages
82:39 Ancient Protector
85:14 Ancient of Wind
89:29 Moon Well
92:32 Tree of Life
95:50 Moon Well
96:16 Tree of Life
96:25 Ancient Protector
97:03 Tree of Life
97:30 Moon Well
100:04 Moon Well
105:31 Moon Well
107:30 Tree of Life
112:45 Altar of Elders
113:50 Moon Well
115:26 Hunter's Hall
116:38 Ancient of War
117:10 Moon Well
118:20 Tree of Ages
124:23 Ancient of Wonders
128:18 Tree of Eternity
129:50 Ancient of Wind
130:57 Chimaera Roost
132:54 Moon Well
145:23 Moon Well
149:08 Moon Well
155:25 Moon Well
157:31 Moon Well
158:26 Moon Well
158:32 Moon Well
159:12 Moon Well
160:29 Ancient of War
161:36 Moon Well
162:14 Hunter's Hall
162:38 Moon Well
162:43 Moon Well
163:28 Ancient Protector
163:41 Ancient Protector
163:50 Ancient Protector
163:58 Ancient of War
164:17 Ancient of Wonders
164:23 Ancient Protector
164:51 Ancient Protector
164:55 Tree of Ages
167:36 Altar of Elders
167:58 Ancient of Wind
169:13 Ancient of Lore
171:57 Moon Well
172:10 Moon Well
172:51 Tree of Eternity
173:10 Ancient of War
175:31 Moon Well
176:37 Moon Well
184:37 Moon Well
188:24 Moon Well
» items
| Scroll of Town Portal | 2 | |
| Potion of Lesser Invulnerability | 1 | |
| Staff of Teleportation | 1 | |
| Lesser Clarity Potion | 1 | |
| Dust of Appearance | 2 | |
| Anti-magic Potion | 1 | |
8 total
team 2 (winner)
7.36 (
teal | 40 APM | 8268 actions | 206:43)
10 Blademaster
3 Wind Walk
3 Critical Strike
1 Bladestorm
3 Mirror Image
9 Far Seer
3 Chain Lighting
3 Far Sight
1 Earth Quake
2 Feral Spirit
9 Tauren Chieftain
3 Shockwave
3 Endurance Aura
1 Reincarnation
2 War Stomp
» actions
| Assign group hotkey | 127 | |
| Basic commands | 497 | |
| Build / train | 198 | |
| ESC pressed | 11 | |
| Enter build submenu | 127 | |
| Enter hero's abilities submenu | 34 | |
| Give item / drop item | 30 | |
| Right click | 3022 | |
| Select / deselect | 1974 | |
| Select group hotkey | 1039 | |
| Use ability | 1207 | |
8268 total
» units
| Peon | 18 | |
| Goblin Shredder | 2 | |
| Goblin Zeppelin | 15 | |
| Wind Rider | 3 | |
| Troll Batrider | 54 | |
| Troll Witch Doctor | 5 | |
| Spirit Walker | 2 | |
| Shaman | 1 | |
100 total
» upgrades
| Ranged Weapons | 3 | |
| Envenomed Spears | 1 | |
| Liquid Fire | 1 | |
| Reinforced Defenses | 1 | |
| Armor | 3 | |
| Witch Doctor Training | 2 | |
| Spirit Walker Training | 2 | |
| Shaman Training | 2 | |
| Spiked Barricades | 3 | |
| Melee Weapons | 3 | |
| Ensnare | 1 | |
22 total
» buildings
| Altar of Storms | 2 | |
| Orc Burrow | 20 | |
| Voodoo Lounge | 2 | |
| War Mill | 2 | |
| Watch Tower | 136 | |
| Stronghold | 2 | |
| Great Hall | 5 | |
| Fortress | 2 | |
| Beastiary | 8 | |
| Spirit Lodge | 3 | |
| Barracks | 1 | |
183 total
» build order
00:06 Altar of Storms
00:19 Orc Burrow
00:49 Voodoo Lounge
01:08 War Mill
01:47 Orc Burrow
02:35 Watch Tower
02:43 Watch Tower
02:55 Watch Tower
03:30 Watch Tower
03:47 Watch Tower
04:07 Watch Tower
04:13 Watch Tower
04:17 Watch Tower
04:35 Watch Tower
04:51 Watch Tower
05:22 Watch Tower
05:26 Stronghold
06:01 Great Hall
06:12 Watch Tower
06:30 Watch Tower
06:37 Watch Tower
07:08 Watch Tower
07:19 Orc Burrow
07:43 Watch Tower
07:55 Watch Tower
10:11 Fortress
10:12 Beastiary
10:13 Beastiary
10:14 Beastiary
10:36 Watch Tower
10:41 Watch Tower
10:41 Watch Tower
11:10 Watch Tower
11:12 Watch Tower
11:17 Watch Tower
11:34 Orc Burrow
11:51 Watch Tower
11:51 Watch Tower
11:52 Watch Tower
12:24 Great Hall
12:57 Watch Tower
12:58 Watch Tower
12:59 Watch Tower
13:01 Watch Tower
13:02 Watch Tower
13:48 Watch Tower
14:35 Watch Tower
14:35 Watch Tower
14:36 Watch Tower
15:08 Watch Tower
15:11 Watch Tower
16:37 Orc Burrow
19:24 Spirit Lodge
20:39 Beastiary
27:57 Great Hall
28:00 War Mill
28:07 Watch Tower
28:08 Watch Tower
28:09 Watch Tower
28:11 Watch Tower
28:12 Watch Tower
28:13 Watch Tower
28:23 Watch Tower
28:23 Watch Tower
28:24 Watch Tower
28:25 Watch Tower
28:25 Watch Tower
28:26 Watch Tower
29:25 Watch Tower
29:26 Watch Tower
29:27 Watch Tower
29:31 Watch Tower
30:28 Watch Tower
30:31 Watch Tower
30:47 Watch Tower
30:47 Watch Tower
30:48 Watch Tower
30:50 Watch Tower
30:50 Watch Tower
30:51 Watch Tower
31:21 Great Hall
31:34 Orc Burrow
32:20 Watch Tower
32:21 Watch Tower
32:21 Watch Tower
32:22 Watch Tower
32:23 Watch Tower
32:24 Watch Tower
32:27 Watch Tower
32:28 Watch Tower
32:34 Watch Tower
32:34 Watch Tower
32:41 Watch Tower
32:41 Watch Tower
32:42 Watch Tower
32:42 Watch Tower
32:43 Watch Tower
32:44 Watch Tower
32:45 Watch Tower
32:45 Watch Tower
33:08 Watch Tower
33:09 Watch Tower
33:14 Watch Tower
33:15 Watch Tower
33:17 Watch Tower
33:32 Great Hall
34:22 Orc Burrow
34:31 Watch Tower
34:32 Watch Tower
35:44 Watch Tower
36:40 Watch Tower
36:41 Watch Tower
36:41 Watch Tower
36:42 Watch Tower
39:14 Stronghold
40:54 Watch Tower
40:55 Watch Tower
40:56 Watch Tower
40:57 Watch Tower
41:35 Beastiary
41:39 Beastiary
41:41 Beastiary
41:44 Beastiary
41:47 Spirit Lodge
44:41 Fortress
44:54 Voodoo Lounge
44:58 Altar of Storms
46:07 Watch Tower
46:12 Watch Tower
48:04 Spirit Lodge
52:09 Orc Burrow
52:10 Orc Burrow
52:11 Orc Burrow
52:12 Orc Burrow
52:13 Orc Burrow
52:14 Orc Burrow
58:33 Watch Tower
58:33 Watch Tower
58:34 Watch Tower
58:36 Watch Tower
58:38 Watch Tower
58:39 Watch Tower
58:55 Watch Tower
58:55 Watch Tower
58:56 Watch Tower
58:57 Watch Tower
58:58 Watch Tower
58:58 Watch Tower
59:00 Watch Tower
59:01 Watch Tower
69:47 Watch Tower
75:17 Watch Tower
90:40 Orc Burrow
92:23 Watch Tower
116:39 Watch Tower
116:40 Watch Tower
116:41 Watch Tower
116:46 Watch Tower
116:47 Watch Tower
116:48 Watch Tower
116:54 Watch Tower
116:55 Watch Tower
116:55 Watch Tower
116:59 Watch Tower
117:03 Watch Tower
117:05 Watch Tower
121:31 Orc Burrow
121:32 Orc Burrow
121:34 Orc Burrow
121:35 Orc Burrow
121:39 Watch Tower
121:40 Watch Tower
122:41 Watch Tower
122:43 Orc Burrow
122:53 Watch Tower
122:55 Orc Burrow
191:41 Watch Tower
191:42 Watch Tower
192:52 Watch Tower
194:56 Watch Tower
194:57 Watch Tower
194:58 Watch Tower
203:30 Barracks
» items
| Healing Salve | 6 | |
| Lesser Clarity Potion | 5 | |
| Staff of Teleportation | 3 | |
| Potion of Healing | 3 | |
| Boots of Speed | 2 | |
| Scroll of Speed | 3 | |
| Orb of Lightning | 3 | |
| Scroll of Town Portal | 1 | |
| Potion of Mana | 1 | |
| Periapt of Vitality | 6 | |
| Potion of Lesser Invulnerability | 2 | |
| Circlet of Nobility | 1 | |
| Tiny Great Hall | 3 | |
39 total
Chat log
(13:31 / All) 7.36: have you really played over 1000 games?)
(13:47 / All) Hammertest: 10 000
(13:54 / All) 7.36: whats wrong with you then :\
(27:04 / All) 7.36: :)
(29:05 / All) 7.36: lol autohide
(29:35 / All) 7.36: 1000 games really?
(29:44 / All) Hammertest: 10 000
(29:50 / All) 7.36: why are you this bad?
(30:17 / All) Hammertest: see account europe
(30:20 / All) 7.36: no
(30:24 / All) 7.36: im looking at this game
(30:34 / All) 7.36: and youre fucking awful
(30:35 / All) Hammertest: there 10000 games
(30:43 / All) 7.36: and you never learned how to play?
(33:22 / All) 7.36: When you played these 10,000 games
(33:27 / All) 7.36: were they against computers?
(35:05 / All) 7.36: still massing talons?
(35:06 / All) 7.36: lol
(35:25 / All) 7.36: all that just to counter one unit
(36:47 / All) 7.36: damn son why dont you expand or something
(36:54 / All) 7.36: i took care of the creeps for you
(37:37 / All) 7.36: theres a tiny tree for ya
(37:53 / All) 7.36: wow thats the thanks i get
(38:53 / All) 7.36: I gave you a tiny great hall
(39:03 / All) 7.36: Put it to some use.
(40:05 / All) 7.36: There ya go
(40:41 / All) 7.36: hey
(40:43 / All) 7.36: go expand
(42:01 / All) 7.36: hey
(42:03 / All) 7.36: i told you to expand
(42:32 / All) 7.36: you sure you can afford to waste those talons?
(43:02 / All) 7.36: thanks for the experience
(43:12 / All) 7.36: :)
(47:23 / All) 7.36: finally
(49:22 / All) 7.36: too easy
(49:23 / All) 7.36: lol
(50:20 / All) 7.36: ok
(50:23 / All) 7.36: if youre gonna go chippo
(50:26 / All) Hammertest: ok
(50:26 / All) 7.36: dont make so much ground shit
(50:54 / All) 7.36: look at your upkeep
(51:01 / All) 7.36: after a THOUSAND games you should learn about that
(51:26 / All) 7.36: so much upkeep
(51:28 / All) 7.36: for one gold mine
(51:35 / All) 7.36: you must have shit for brains son
(52:13 / All) Hammertest: is nice to see, that us all tower
(52:15 / All) 7.36: lol
(52:32 / All) 7.36: you mean those big trees that throw rocks?
(52:35 / All) 7.36: yeah...
(52:47 / All) 7.36: those are fun to kill
(53:35 / All) 7.36: hey look a tower
(54:43 / All) 7.36: lol tp
(54:59 / All) 7.36: can you afford to waste those?
(56:07 / All) 7.36: yawn
(56:08 / All) 7.36: too easy
(56:11 / All) 7.36: leave noob
(56:47 / All) 7.36: feed my heroes please
(56:56 / All) 7.36: you cant do anything else
(57:12 / All) 7.36: thank you for feed
(58:01 / All) 7.36: you gonna siege with no income?
(58:22 / All) 7.36: ty
(59:56 / All) 7.36: aww
(59:57 / All) 7.36: lol
(60:25 / All) 7.36: only one of my heroes got level 6 :(
(64:10 / All) 7.36: not defending?
(64:42 / All) 7.36: hey its your gold to waste
(65:28 / All) 7.36: you really think youre gonna win?
(65:31 / All) 7.36: just curious
(66:39 / All) 7.36: lol
(68:07 / All) 7.36: aww
(69:02 / All) 7.36: damn forgot my far seer
(69:03 / All) 7.36: lol
(70:05 / All) Hammertest: sorry from germany, my englisch is smol
(70:17 / All) 7.36: well this is what you get for hitler
(70:37 / All) Hammertest: 70 years dead
(70:44 / All) 7.36: yet germany still sucks
(71:00 / All) 7.36: why is that?
(71:43 / All) 7.36: too
(71:44 / All) 7.36: easy
(72:00 / All) 7.36: leave?
(73:50 / All) 7.36: tsk tsk
(74:07 / All) 7.36: your gold mine
(74:09 / All) 7.36: there ya go
(74:16 / All) 7.36: 1000 games?
(74:19 / All) 7.36: wow...
(74:47 / All) Hammertest: see account europe same name
(74:52 / All) 7.36: oh man
(74:57 / All) 7.36: 10000 games
(75:01 / All) 7.36: and so bad?
(75:18 / All) Hammertest: 10 000 games human
(75:27 / All) 7.36: this has nothing to do with race
(75:35 / All) 7.36: you lack any strategy at all
(76:33 / All) 7.36: still no owls?
(79:41 / All) 7.36: you know what you need?
(79:47 / All) 7.36: panzer tanks
(79:50 / All) 7.36: then you might win
(80:35 / All) Hammertest: yes tanks is human
(80:44 / All) 7.36: not human tanks
(80:46 / All) 7.36: panzer tanks
(80:53 / All) 7.36: just like the nazis
(81:18 / All) Hammertest: nazis are kukucks clan
(81:26 / All) 7.36: kukucks?
(81:44 / All) 7.36: kkkkkkkkkkkkkkkkkkkkkkkkkkkkkkkkkk
(82:05 / All) 7.36: lol
(82:09 / All) 7.36: glaive throwers
(82:13 / All) 7.36: what are you gonna siege?
(84:06 / All) 7.36: im going to get a sandwich
(84:11 / All) 7.36: let me know when you wanna siege
(89:10 / All) 7.36: hey
(89:49 / All) 7.36: nice army
(90:32 / All) 7.36: aw
(90:59 / All) 7.36: do you ever scout?
(91:31 / All) 7.36: im coming..
(92:24 / All) 7.36: lol
(92:25 / All) 7.36: :)
(92:34 / All) 7.36: you try too hard man
(93:28 / All) 7.36: yoink
(93:33 / All) 7.36: leave
(93:36 / All) 7.36: you lost
(93:37 / All) 7.36: BAD
(94:53 / All) 7.36: you lose
(94:54 / All) 7.36: good day sir
(95:13 / All) 7.36: quick
(95:15 / All) 7.36: nuke him
(95:24 / All) 7.36: LOL!
(96:59 / All) 7.36: oh
(97:08 / All) 7.36: theres my witch doctor
(97:09 / All) 7.36: lol
(97:28 / All) 7.36: do you expect to win?
(97:57 / All) Hammertest: expect???
(98:04 / All) 7.36: do you think you can win?
(99:11 / All) Hammertest: now i not can standing you can sell your base
(99:25 / All) 7.36: destroyed
(99:31 / All) 7.36: for lulz
(100:12 / All) 7.36: why not leave?
(100:27 / All) Hammertest: never give up
(100:34 / All) 7.36: just like the nazis?
(100:41 / All) 7.36: oh wait
(100:41 / All) Hammertest: no
(100:42 / All) 7.36: lol
(100:46 / All) 7.36: germans quit all the time
(101:09 / All) Hammertest: Bruce Willis
(101:17 / All) 7.36: trust me
(101:20 / All) 7.36: you are not bruce willis
(101:42 / All) Hammertest: never give up is Bruce --Willis
(101:56 / All) 7.36: i prefer john holmes
(102:01 / All) 7.36: take my massive cock
(102:19 / All) 7.36: no blink?
(102:20 / All) 7.36: wow
(102:49 / All) 7.36: youre like retarded bad
(103:14 / All) 7.36: how much gold?
(103:42 / All) 7.36: your warden is like hitler
(103:48 / All) 7.36: once i kill hitler, the germans will surrender
(103:57 / All) Hammertest: hitler a woman
(104:03 / All) 7.36: really/
(104:03 / All) 7.36: wow
(104:19 / All) 7.36: give up hitler!
(104:31 / All) 7.36: HITLER MUST DIE
(104:54 / All) 7.36: HAHA
(104:58 / All) 7.36: killed by the british bombers
(105:24 / All) 7.36: give up?
(106:58 / All) 7.36: yeah
(107:04 / All) 7.36: level 6 tauren chieftan
(107:06 / All) 7.36: i got one.
(107:34 / All) 7.36: give up?
(108:05 / All) 7.36: your gold mine
(108:20 / All) 7.36: entangle i.
(108:25 / All) 7.36: entangle it.
(110:34 / All) 7.36: hey
(110:38 / All) 7.36: i didnt say you could have two
(110:41 / All) 7.36: dont be greedy
(110:53 / All) 7.36: now give up?
(114:38 / All) 7.36: stay in your base.
(117:44 / All) 7.36: ARE YOU PREPARED TO BRAVE THE MAZE OF TOWERS??
(118:05 / All) 7.36: CLEARLY NOT
(118:18 / All) 7.36: Fan of knives: not the best spell against towers
(118:50 / All) 7.36: BOOM
(118:53 / All) 7.36: give up?
(119:23 / All) 7.36: YOU SHALL NOT PASS!
(120:45 / All) 7.36: A CHALLENGER APPEARS
(121:14 / All) 7.36: HITLER HAS FALLEN AGAIN
(123:31 / All) 7.36: my spirit walker is not amused with your shenanigans.
(124:32 / All) 7.36: I feel pretty...
(124:36 / All) 7.36: Oh so pretty...
(124:39 / All) 7.36: I feel pretty..
(124:42 / All) 7.36: And witty...
(124:46 / All) 7.36: AND GAAAAAAAAAAAAAAAAAAAAAAAAY!
(125:28 / All) 7.36: IS YOUR WARDEN PREPARED TO FACE THE THORNY DUNGEON OF TOWERS??
(125:43 / All) 7.36: NO GLAIVE THROWERS
(125:46 / All) 7.36: NOT ALLOWED
(129:38 / All) 7.36: YOU MUST FIND A WAY OUT OF THE MAZE
(129:41 / All) 7.36: IF YOU WISH TO WIN
(129:53 / All) 7.36: YOU COULD START BY GOING TO THE SHRINE OF THE SILVER MONKEY
(130:02 / All) 7.36: THEN YOU COULD TAKE THE STAIRCASE INTO THE MUMMY'S TOMB
(130:23 / All) 7.36: OR YOU COULD CROSS THE RIVER OF SNAKES AND FIND THE ROOM OF THE THREE GARGOYLES
(130:40 / All) 7.36: FROM THERE, PUSH THE ROCK, AND OPEN A PASSAGEWAY INTO THE CRYPT
(130:54 / All) 7.36: THE CHOICE IS YOURS
(131:18 / All) 7.36: chimeras again?
(131:21 / All) 7.36: damn youre unoriginal
(133:25 / All) 7.36: GOLD STILL EXISTS ON THE MAP BUT ONLY IF YOU CAN ESCAPE THE DUNGEON OF THE LOST TEMPLE
(135:22 / All) 7.36: NO CHIMERA CAN BREAK THIS MAZE
(135:25 / All) 7.36: YOU MUST FIND ANOTHER WAY
(137:11 / All) 7.36: MAZARU THE BLADEMASTER RETURNS TO OFFER A PRIZE
(137:19 / All) 7.36: ANOTHER TINY GREAT HALL
(137:34 / All) 7.36: BUT YOU MAY ONLY USE IT IF YOU PROVE WORTHY
(138:18 / All) 7.36: A HIPPOGRYPH RIDER EMERGES
(138:24 / All) 7.36: BUT WILL THE PLAYER MAKE GOOD USE OF IT?
(138:37 / All) 7.36: NO
(138:40 / All) 7.36: IT IS TOO LATE
(139:05 / All) 7.36: THE WARDEN KIRI REMAINS TRAPPED IN A PRISON OF HER OWN MAKING
(139:38 / All) 7.36: IF SHE ESCAPES SHE WILL BE FREE TO MINE GOLD WITHOUT HARASSMENT
(139:43 / All) 7.36: BUT WILL SHE ESCAPE?
(140:11 / All) 7.36: LET US NOW FEED EXPERIENCE
(140:17 / All) 7.36: TO THIS POORLY BUILT WARDEN
(140:38 / All) 7.36: HARK
(141:15 / All) 7.36: WHITHER THE WARDEN?
(141:35 / All) 7.36: HAS SHE MADE HER TIMELY ESCAPE?
(141:43 / All) 7.36: BY WAY OF A DISMOUNTED ARCHER
(142:43 / All) 7.36: LOOK DISSENT AMONGST THE ORC RANKS
(143:03 / All) 7.36: A GOLD MINE
(143:08 / All) 7.36: HAS FINALLY BEEN PLANTD
(143:12 / All) 7.36: ED
(143:18 / All) 7.36: IN THIS RICH GOLD FIELD
(143:22 / All) 7.36: ON THE WEST SIDE OF THE MAP
(143:31 / All) 7.36: ONLY ONE GOLD MINE REMAINS
(144:09 / All) 7.36: THE GATE IS BROKEN
(144:11 / All) Hammertest: you play whit bad tools
(144:11 / All) 7.36: RED HAS ESCAPED
(144:22 / All) 7.36: AND IS MAKING A BAD ATTEMPT TO TALK SHIT
(146:32 / All) 7.36: A WARDEN STALKS HER PREY
(146:43 / All) 7.36: BUT TODAY SHE WILL GO HUNGRY
(147:02 / All) 7.36: IN THE BUSH 78% OF ALL WITCH DOCTOR HUNTS ARE UNSUCCESSFUL
(147:30 / All) 7.36: BLADEMASTERS, ON THE OTHER HAND, GET THE LION'S SHARE OF THE GAME
(148:49 / All) 7.36: LOOKS LIKE THIS WARDEN WILL BE GOING HUNGRY AGAIN
(150:36 / All) 7.36: Druids of the talon, though agile, often wind up as a tasty meal for orcish heroes.
(150:57 / All) 7.36: Be sure to join us next week as we observe the mating habits of batriders.
(153:51 / All) 7.36: THE WARDEN IS ONCE AGAIN REWARDED WITH A TINY GREAT HALL
(153:59 / All) 7.36: BUT WILL SHE USE IT WELL?
(156:16 / All) 7.36: THE WARDEN HAS FINALLY DISCOVERED THE LAST HIDDEN CACHE
(156:20 / All) 7.36: LETS SEE WHAT HAPPENS
(159:17 / All) 7.36: A LARGE GATHERING OF AIR UNITS COULD SPELL TROUBLE
(159:55 / All) 7.36: Sadly, no one increased in level.
(160:25 / All) 7.36: Boom.
(167:25 / All) 7.36: Oh look a warden.
(167:51 / All) 7.36: Give up? :)
(170:19 / All) 7.36: lol, chainwave
(177:55 / All) 7.36: So why don't you give up?
(178:07 / All) 7.36: Mr. Willis?
(181:27 / All) 7.36: You forgot something.
(181:46 / All) Hammertest: what
(181:54 / All) 7.36: Like I'm gonna tell you...
(181:55 / All) 7.36: lol
(183:32 / All) 7.36: Mountain Giant?
(183:35 / All) 7.36: Seriously?
(183:49 / All) 7.36: There is no way you've played a thousand games
(184:01 / All) 7.36: In fact there is no way you've played 10 games...
(184:07 / All) 7.36: Stop stealing account passwords.
(184:36 / All) 7.36: How long has this game been and you don't even have full upgrades....
(184:49 / All) 7.36: Well I've lost all hope for Germany.
(186:04 / All) 7.36: You going to attack?
(191:59 / All) 7.36: lol
(192:10 / All) 7.36: NOW give up?
(192:24 / All) 7.36: lmao
(194:32 / All) 7.36: hi warden
(197:59 / All) 7.36: Hi!
(199:55 / All) 7.36: Dude, you're not gonna win
(199:57 / All) 7.36: lol
(202:03 / All) 7.36: lol
(203:11 / All) 7.36: Still trying to get out?
(204:18 / All) 7.36: lol
(204:30 / All) 7.36: Dude give up
(204:35 / All) 7.36: You're not Bruce Willis
(204:38 / All) 7.36: Sorry.
(204:50 / All) Hammertest: is clear
(204:57 / All) 7.36: So leave?
(205:53 / All) 7.36: Too easy.